 Dungeon Crawl Stone Soup version 0.18-a0-721-g8fc53f4 (webtiles) character file.

549 M4edhros the Covert (level 7, -1/43 HPs)
             Began as an Octopode Artificer on Dec 9, 2015.
             Slain by an orc
             ... wielding a +0 club
              (2 damage)
             ... on level 5 of the Dungeon.
             The game lasted 00:05:53 (3767 turns).

M4edhros the Covert (Octopode Artificer)            Turns: 3767, Time: 00:05:54

Health: -1/43      AC:  1    Str: 10    XL:     7   Next: 28%
Magic:  0/20       EV: 12    Int: 17    God:
Gold:   507        SH:  0    Dex: 12    Spells: 0 memorised, 6 levels left

rFire  + . .     SeeInvis .     t - +4 rapier
rCold  x . .     Clarity  .     (no shield)
rNeg   . . .     SustAt   .     (helmet restricted)
rPois  .         Gourm    .     z - amulet of guardian spirit
rElec  .         Spirit   +     i - ring of magical power
rCorr  .         Dismiss  .     u - ring of fire
rMut   .         Stasis   .     (no ring)
MR     .....                    (no ring)
Stlth  +++++.....               (no ring)
                                (no ring)
                                (no ring)
                                (no ring)

@: not resistant to hostile enchantments, quite stealthy
A: almost no armour, amphibious, 8 rings, constrict 8, camouflage 1, gelatinous
body 1
a: no special abilities


You were on level 5 of the Dungeon.
You were not hungry.

You visited 1 branch of the dungeon, and saw 5 of its levels.
You also visited: Ossuary.

You collected 507 gold pieces.

Inventory:

Hand Weapons
 a - a +0 short sword
 r - a +0 hunting sling
 t - a +4 rapier (weapon)
Missiles
 f - 20 silver sling bullets
 g - 168 stones (quivered)
 k - 46 sling bullets
Jewellery
 i - a ring of magical power (left tentacle)
 o - an uncursed amulet of resist corrosion {unknown}
 u - a ring of fire (right tentacle)
 z - an amulet of guardian spirit (around mantle)
Wands
 b - a wand of flame (9)
 c - a wand of enslavement (22)
 d - a wand of random effects (15)
 q - a wand of teleportation (5)
Scrolls
 h - 3 scrolls of teleportation
 l - a scroll of recharging
 p - 4 scrolls of identify
 s - a scroll of enchant weapon {unknown}
 w - a scroll of magic mapping {unknown}
 x - 2 scrolls of enchant armour
 y - 2 scrolls of remove curse {unknown}
 B - a scroll of noise
 C - a scroll of amnesia
 F - 2 scrolls of immolation
Potions
 j - 2 potions of cancellation
 n - 3 potions of brilliance
Books
 A - a book of Ice

   Spells                             Type                      Level
   a - Ice Form                       Ice/Transmutation            4
   b - Metabolic Englaciation         Hexes/Ice                    5
   c - Ozocubu's Refrigeration        Ice                          6
   d - Bolt of Cold                   Conjuration/Ice              6
   e - Freezing Cloud                 Conjuration/Ice/Air          6
   f - Simulacrum                     Ice/Necromancy               6
Comestibles
 e - 4 bread rations
 m - a royal jelly
 v - a beef jerky


   Skills:
 - Level 1.0 Fighting
 - Level 1.0 Short Blades
 - Level 2.0 Dodging
 * Level 8.9 Stealth
 + Level 5.7 Evocations


You had 6 spell levels left.
You didn't know any spells.

Dungeon Overview and Level Annotations

Branches:
Dungeon (5/15)
 Temple: D:4-7

Altars:
Ashenzari
Okawaru
Qazlal
Trog
Yredelemnul
The Shining One

Shops:
D:5 %

Annotations:
D:5 4thArraOfDagon's ghost, amateur DEFE


Innate Abilities, Weirdness & Mutations

You cannot wear most types of armour.
You are amphibious.
You can wear up to eight rings at the same time.
You can use your tentacles to constrict eight enemies at once.
Your skin changes colour to match your surroundings (Stealth).
Your rubbery body absorbs attacks (AC +1).


Message History

The orc hits you with a short sword. The orc hits you but does no damage.
The orc hits you with a club. The orc priest barely misses you.
Unknown command.
Unknown command.
You hit the orc priest. You squeeze the orc priest.
The orc priest is almost dead.
You constrict the orc priest. You constrict the orc. You constrict the orc.
You kill the orc!
The orc hits you with a hand axe. The orc hits you with a club.
* * * LOW HITPOINT WARNING * * *
The orc priest invokes the aid of Beogh against you.
Pain shoots through your body!
* * * LOW HITPOINT WARNING * * *
Unknown command.
You hit the orc priest.
You kill the orc priest!
You constrict the orc. The orc hits you with a hand axe!
* * * LOW HITPOINT WARNING * * *
The orc hits you with a club.
You die...

..###...#
##.<........# ..#
##.W.......
#...........# ..#
.###....
##...........#
### # #....
#............#
### #....
#.#####.######
...
###....##.#####.#
.W.
......>#..##....#
.....
#.....)......####
.....
#...o@.#####
..... ......)o.#
..r. ...##..### .
#... ...#) ...##.
.#.# .. .. ..


You could see 2 orcs.

Vanquished Creatures
  3 hounds (D:4)
  An orc priest (D:5)
  Natasha (thrice) (D:4)
  3 worker ants
  An iguana (D:4)
  5 big kobold zombies (Ossuary)
  2 mummies (Ossuary)
  5 adders
  4 gnolls (D:5)
  3 giant geckos
  9 orcs
  5 giant cockroaches
  5 goblins
  4 hobgoblins
  10 jackals
  2 quokkas
  A ball python (D:1)
  7 bats
  7 giant newts
  3 gnoll zombies (Ossuary)
  4 goblin zombies
  2 hobgoblin zombies (Ossuary)
  10 kobolds
  An orc zombie (Ossuary)
  A quokka skeleton (D:4)
  A quokka zombie (D:5)
  8 rats
110 creatures vanquished.

Vanquished Creatures (collateral kills)
  An orc (D:5)
1 creature vanquished.

Vanquished Creatures (others)
  An orc wizard (D:5)
1 creature vanquished.

Grand Total: 112 creatures vanquished

Notes
Turn   | Place    | Note
--------------------------------------------------------------
     0 | D:1      | M4edhros the Octopode Artificer began the quest for the Orb.
     0 | D:1      | Reached XP level 1. HP: 13/13 MP: 3/3
   157 | D:1      | Reached XP level 2. HP: 8/18 MP: 4/4
   786 | D:2      | Noticed an earth elemental
   788 | D:2      | Found a stormy altar of Qazlal.
   789 | D:2      | Noticed an air elemental
   789 | D:2      | Noticed a fire elemental
   789 | D:2      | Noticed a water elemental
   990 | D:2      | Reached XP level 3. HP: 21/23 MP: 5/5
  1000 | D:2      | Reached skill level 4 in Evocations
  1315 | D:3      | Reached XP level 4. HP: 28/28 MP: 7/7
  1363 | D:3      | Found a basalt altar of Yredelemnul.
  1383 | D:3      | Noticed a profane servitor
  1394 | D:3      | Found a glowing golden altar of the Shining One.
  1443 | D:3      | Found a shattered altar of Ashenzari.
  1489 | D:3      | Found an iron altar of Okawaru.
  1684 | D:4      | Reached skill level 5 in Stealth
  1684 | D:4      | Reached XP level 5. HP: 15/33 MP: 7/8
  1900 | D:5      | Entered Level 5 of the Dungeon
  1974 | D:5      | Reached skill level 6 in Stealth
  2001 | D:5      | Reached skill level 5 in Evocations
  2153 | D:5      | Found a sand-covered staircase.
  2211 | Ossuary  | Entered an ossuary
  2234 | Ossuary  | Reached XP level 6. HP: 19/38 MP: 9/9
  2246 | Ossuary  | Reached skill level 7 in Stealth
  2676 | D:5      | Found Pumeirom's Food Shoppe.
  2697 | D:5      | Noticed 4thArraOfDagon's ghost (amateur DEFE)
  2823 | D:4      | Noticed Natasha
  2829 | D:4      | Killed Natasha
  2977 | D:4      | Reached skill level 8 in Stealth
  2992 | D:4      | Noticed Natasha
  2993 | D:4      | Found a bloodstained altar of Trog.
  3052 | D:4      | Killed Natasha
  3151 | D:4      | Noticed Natasha
  3157 | D:4      | Killed Natasha
  3358 | D:4      | Reached XP level 7. HP: 39/43 MP: 11/11
  3767 | D:5      | HP: 1/43 [orc/hand axe (4)]
  3767 | D:5      | Slain by an orc

Vault maps used:
D:1:      lightli_arrival_noodles
D:2:      nicolae_qazlal_style_of_elements
D:3:      grunt_temple_overflow_holy_war, makhleb_altar_promises_db,
          okawaru_gym_becter, cheibrodos_ashenzari_chains, first_bread
D:4:      trog_hazing_becter, uniq_natasha
D:5:      enter_ossuary_4, serial_shops, shop
Ossuary:  minmay_ossuary_gauntlet

Action                   |  1- 3 |  4- 6 |  7- 9 || total
-------------------------+-------+-------+-------++-------
Melee: Short sword       |    42 |       |       ||    42
       Rapier            |    28 |   147 |    16 ||   191
Evoke: Wand              |     2 |     6 |       ||     8
  Use: Potion            |       |     7 |       ||     7
       Scroll            |       |     6 |       ||     6
 Stab: Sleeping          |     8 |     9 |     3 ||    20
       Invisible         |       |     8 |       ||     8
       Distracted        |       |       |     1 ||     1
  Eat: Chunk             |       |     4 |       ||     4
       Meat ration       |       |     1 |       ||     1
